TOP OF THE 1ST |
Barry's Bay Orioles batting - Pitching for Manhatten Meatheads : LHP Miguel Angel Meléndez
|
Pitching: LHP Miguel Angel Meléndez
|
|
Batting: RHB Ronnie Starr
|
0-0: Ball 1-0: Foul Ball, location: 2F 1-1: Ground out 5-3 (Groundball, 5)
|
Batting: LHB Vito Ramírez
|
0-0: Called Strike 0-1: Ball 1-1: Called Strike 1-2: Foul Ball, location: 2F 1-2: Strikes out swinging
|
Batting: RHB Marcos Pérez
|
0-0: Foul Ball, location: 2F 0-1: Fly out, F8 (Flyball, 8LM)
|
Top of the 1st over - 0 runs, 0 hits, 0 errors, 0 left on base; Barry's Bay 0 - Manhatten 0 |
BOTTOM OF THE 1ST |
Manhatten Meatheads batting - Pitching for Barry's Bay Orioles : RHP Santiago Noriega
|
Pitching: RHP Santiago Noriega
|
|
Batting: RHB Roberto Rodríguez
|
0-0: Ball 1-0: SINGLE (Groundball, 4D)
|
Batting: LHB Wayne Rogers
|
0-0: Ball 1-0: Ball 2-0: Foul Ball, location: 2F 2-1: Called Strike 2-2: Foul Ball, location: 2F 2-2: Ball 3-2: Foul Ball, location: 2F 3-2: Base on Balls Roberto Rodríguez to second
|
Batting: RHB César Castillo
|
0-0: Ball 1-0: Ball 2-0: Ball 3-0: Called Strike 3-1: Fly out, F8 (Flyball, 8RM)
|
Batting: RHB George Green
|
0-0: Ball 1-0: Fly out, F7 (Flyball, 7S)
|
Batting: RHB Rudy Boyd
|
0-0: Ball 1-0: Fly out, F6 (Popup, 6MS)
|
Bottom of the 1st over - 0 runs, 1 hit, 0 errors, 2 left on base; Barry's Bay 0 - Manhatten 0 |
BOTTOM OF THE 2ND |
Manhatten Meatheads batting - Pitching for Barry's Bay Orioles : RHP Santiago Noriega
|
Batting: RHB Manny Velásquez
|
0-0: Ball 1-0: SINGLE (Flyball, 9LM)
|
Batting: RHB Vicente Guerra
|
0-0: Foul Ball, location: 2F 0-1: Hit by Pitch Manny Velásquez to second
|
Batting: RHB Wayne Scott
|
0-0: Called Strike 0-1: Ball 1-1: Called Strike 1-2: Grounds into double play, 5-4-3 (Groundball, 56) Manny Velásquez to third
|
Batting: RHB Ricardo Medina
|
0-0: Ball 1-0: DOUBLE (Line Drive, 7LM) Manny Velásquez scores
|
Batting: RHB Roberto Rodríguez
|
0-0: Ball 1-0: Swinging Strike 1-1: Called Strike 1-2: Ball 2-2: Ball 3-2: Base on Balls
|
Batting: LHB Wayne Rogers
|
0-0: Ball Wild Pitch! Ricardo Medina to third Roberto Rodríguez to second 1-0: Foul Ball, location: 2F 1-1: Swinging Strike 1-2: Ball 2-2: Foul Ball, location: 2F 2-2: Ball 3-2: Foul Ball, location: 2F 3-2: Base on Balls
|
Batting: RHB César Castillo
|
0-0: Ball 1-0: Ball 2-0: Swinging Strike 2-1: Swinging Strike 2-2: Ball 3-2: Strikes out swinging
|
Bottom of the 2nd over - 1 run, 2 hits, 0 errors, 3 left on base; Barry's Bay 1 - Manhatten 1 |
TOP OF THE 3RD |
Barry's Bay Orioles batting - Pitching for Manhatten Meatheads : LHP Miguel Angel Meléndez
|
Batting: SHB Dan Morse
|
0-0: Foul Ball, location: 2F 0-1: Foul Ball, location: 2F 0-2: Ball 1-2: Foul Ball, location: 2F 1-2: Ground out 4-3 (Groundball, 4)
|
Batting: RHB Ronnie Starr
|
0-0: Called Strike 0-1: Fly out, F8 (Flyball, 8RD)
|
Batting: LHB Vito Ramírez
|
0-0: Called Strike 0-1: Foul Ball, location: 2F 0-2: Ball 1-2: Fly out, F7 (Flyball, 7LS)
|
Top of the 3rd over - 0 runs, 0 hits, 0 errors, 0 left on base; Barry's Bay 1 - Manhatten 1 |
BOTTOM OF THE 3RD |
Manhatten Meatheads batting - Pitching for Barry's Bay Orioles : RHP Santiago Noriega
|
Batting: RHB George Green
|
0-0: Fly out, F6 (Popup, 6MD)
|
Batting: RHB Rudy Boyd
|
0-0: Foul Ball, location: 2F 0-1: Called Strike 0-2: Ball 1-2: Strikes out looking
|
Batting: RHB Manny Velásquez
|
0-0: SINGLE (Flyball, 78S)
|
Batting: RHB Vicente Guerra
|
0-0: Ball 1-0: Swinging Strike 1-1: Ball 2-1: Ball 3-1: Called Strike 3-2: Strikes out swinging
|
Bottom of the 3rd over - 0 runs, 1 hit, 0 errors, 1 left on base; Barry's Bay 1 - Manhatten 1 |
TOP OF THE 4TH |
Barry's Bay Orioles batting - Pitching for Manhatten Meatheads : LHP Miguel Angel Meléndez
|
Batting: RHB Marcos Pérez
|
0-0: Foul Ball, location: 2F 0-1: Foul Ball, location: 2F 0-2: Ball 1-2: Foul Ball, location: 2F 1-2: Strikes out swinging
|
Batting: LHB Nicholas Morgan
|
0-0: Ground out 1-3 (Groundball, P)
|
Batting: SHB Juan Morales
|
0-0: Called Strike 0-1: Swinging Strike 0-2: Strikes out swinging
|
Top of the 4th over - 0 runs, 0 hits, 0 errors, 0 left on base; Barry's Bay 1 - Manhatten 1 |
BOTTOM OF THE 4TH |
Manhatten Meatheads batting - Pitching for Barry's Bay Orioles : RHP Santiago Noriega
|
Batting: RHB Wayne Scott
|
0-0: Called Strike 0-1: Ball 1-1: Ball 2-1: Foul Ball, location: 2F 2-2: Foul Ball, location: 2F 2-2: Strikes out swinging
|
Batting: RHB Ricardo Medina
|
0-0: Ball 1-0: Bunt - Flyout! F1
|
Batting: RHB Roberto Rodríguez
|
0-0: Called Strike 0-1: Ball 1-1: SINGLE (Line Drive, 6M)
|
Batting: LHB Wayne Rogers
|
0-0: Ball 1-0: Ball 2-0: Ball 3-0: Called Strike 3-1: Called Strike Roberto Rodríguez steals 2nd base 3-2: Strikes out swinging
|
Bottom of the 4th over - 0 runs, 1 hit, 0 errors, 1 left on base; Barry's Bay 1 - Manhatten 1 |
TOP OF THE 5TH |
Barry's Bay Orioles batting - Pitching for Manhatten Meatheads : LHP Miguel Angel Meléndez
|
Batting: LHB Javier Soto
|
0-0: Called Strike 0-1: Called Strike 0-2: SINGLE (Groundball, 4MD)
|
Batting: LHB Pancho Hernández
|
0-0: Ball 1-0: Fly out, F7 (Line Drive, 7)
|
Batting: LHB Dave Sanders
|
0-0: SINGLE (Line Drive, 6D) Javier Soto to second
|
Batting: SHB Dan Morse
|
0-0: Called Strike 0-1: Foul Ball, location: 2F 0-2: Strikes out swinging
|
Batting: RHB Ronnie Starr
|
0-0: Called Strike 0-1: Ball 1-1: Ball 2-1: Ball 3-1: Called Strike 3-2: Ground out 4-3 (Groundball, 34)
|
Top of the 5th over - 0 runs, 2 hits, 0 errors, 2 left on base; Barry's Bay 1 - Manhatten 1 |
BOTTOM OF THE 5TH |
Manhatten Meatheads batting - Pitching for Barry's Bay Orioles : RHP Santiago Noriega
|
Batting: RHB César Castillo
|
0-0: SINGLE (Groundball, 6MD)
|
Pitching: RHP Jorge Cruz
|
|
Batting: RHB George Green
|
0-0: Ball 1-0: Foul Ball, location: 2F 1-1: Called Strike 1-2: Ball 2-2: Foul Ball, location: 2F 2-2: SINGLE (Groundball, 56D) César Castillo to second
|
Batting: RHB Rudy Boyd
|
0-0: 3-RUN HOME RUN (Flyball, 9D), Distance : 355 ft
|
Batting: RHB Manny Velásquez
|
0-0: Ball 1-0: Called Strike 1-1: Foul Ball, location: 2F 1-2: Foul Ball, location: 2F 1-2: Ball 2-2: SINGLE (Groundball, 34D)
|
Batting: RHB Vicente Guerra
|
0-0: Ball 1-0: Ball 2-0: Foul Ball, location: 2F 2-1: Grounds into double play, 1-6-3 (Groundball, 13S)
|
Batting: RHB Wayne Scott
|
0-0: Ball 1-0: Ground out 5-3 (Groundball, 5S)
|
Bottom of the 5th over - 3 runs, 4 hits, 0 errors, 0 left on base; Barry's Bay 1 - Manhatten 4 |
TOP OF THE 6TH |
Barry's Bay Orioles batting - Pitching for Manhatten Meatheads : LHP Miguel Angel Meléndez
|
Batting: LHB Vito Ramírez
|
0-0: Ball 1-0: Ground out 5-3 (Groundball, 2L)
|
Batting: RHB Marcos Pérez
|
0-0: Ball 1-0: Called Strike 1-1: Called Strike 1-2: Strikes out swinging, 2-3 out at first.
|
Batting: LHB Nicholas Morgan
|
0-0: Called Strike 0-1: Ball 1-1: Called Strike 1-2: Strikes out looking
|
Top of the 6th over - 0 runs, 0 hits, 0 errors, 0 left on base; Barry's Bay 1 - Manhatten 4 |
BOTTOM OF THE 6TH |
Manhatten Meatheads batting - Pitching for Barry's Bay Orioles : RHP Jorge Cruz
|
Pitching: RHP Kelly Woodside
|
|
Batting: RHB Ricardo Medina
|
0-0: Ball 1-0: Foul Ball, location: 2F 1-1: Ball 2-1: Swinging Strike 2-2: Foul Ball, location: 2F 2-2: Foul Ball, location: 2F 2-2: Strikes out looking
|
Batting: RHB Roberto Rodríguez
|
0-0: Ball 1-0: Called Strike 1-1: Ball 2-1: Called Strike 2-2: Ball 3-2: Base on Balls
|
Batting: LHB Wayne Rogers
|
0-0: Ball Roberto Rodríguez steals 2nd base 1-0: Ball 2-0: Ball Wild Pitch! Roberto Rodríguez to third 3-0: Base on Balls
|
Batting: RHB César Castillo
|
0-0: Ball 1-0: Called Strike 1-1: Ball 2-1: Called Strike 2-2: Strikes out looking
|
Batting: RHB George Green
|
0-0: Ball 1-0: Fly out, F7 (Flyball, 78S)
|
Bottom of the 6th over - 0 runs, 0 hits, 0 errors, 2 left on base; Barry's Bay 1 - Manhatten 4 |
TOP OF THE 7TH |
Barry's Bay Orioles batting - Pitching for Manhatten Meatheads : LHP Miguel Angel Meléndez
|
Batting: SHB Juan Morales
|
0-0: Ball 1-0: Foul Ball, location: 2F 1-1: Foul Ball, location: 2F 1-2: Foul Ball, location: 2F 1-2: Ground out 5-3 (Groundball, 5)
|
Batting: LHB Javier Soto
|
0-0: Ball 1-0: Ball 2-0: Called Strike 2-1: Swinging Strike 2-2: Ball 3-2: Base on Balls
|
Batting: LHB Pancho Hernández
|
0-0: Ball 1-0: SINGLE (Groundball, 34D) Javier Soto to second Runner from 2nd tries for 3rd, SAFE, no throw
|
Batting: LHB Dave Sanders
|
0-0: Called Strike 0-1: Ball 1-1: 3-RUN HOME RUN (Flyball, 9D), Distance : 344 ft
|
Batting: SHB Dan Morse
|
0-0: Called Strike 0-1: Called Strike 0-2: Foul Ball, location: 2F 0-2: Strikes out swinging
|
Batting: RHB Ronnie Starr
|
0-0: Ground out U3 (Groundball, 34S)
|
Top of the 7th over - 3 runs, 2 hits, 0 errors, 0 left on base; Barry's Bay 4 - Manhatten 4 |
BOTTOM OF THE 7TH |
Manhatten Meatheads batting - Pitching for Barry's Bay Orioles : RHP Kelly Woodside
|
Batting: RHB Rudy Boyd
|
0-0: Called Strike 0-1: Ball 1-1: Ball 2-1: Ball 3-1: Base on Balls
|
Batting: RHB Manny Velásquez
|
0-0: Called Strike 0-1: Ball 1-1: Ball 2-1: Fielders Choice at 2nd, 1-6 (Groundball, 13)
|
Batting: RHB Vicente Guerra
|
0-0: Called Strike 0-1: Ball 1-1: Foul Ball, location: 2F 1-2: Strikes out swinging
|
Pinch Hitting: SHB Manuel Díaz
|
0-0: Ball 1-0: DOUBLE (Line Drive, 78D) Manny Velásquez to third Runner from 3rd tries for Home, SAFE, no throw
|
Pinch Hitting: LHB Miguel Pérez
|
0-0: Called Strike 0-1: Ground out 4-3 (Groundball, 4)
|
Bottom of the 7th over - 1 run, 1 hit, 0 errors, 1 left on base; Barry's Bay 4 - Manhatten 5 |
TOP OF THE 8TH |
Barry's Bay Orioles batting - Pitching for Manhatten Meatheads : LHP Miguel Angel Meléndez
|
Pitching: RHP Jorge Báez
|
|
Now at 2B: Juan Blanco
|
|
Now at SS: Miguel Pérez
|
|
Batting: LHB Vito Ramírez
|
0-0: Called Strike 0-1: Ground out 4-3 (Groundball, 4)
|
Batting: RHB Marcos Pérez
|
0-0: Ball 1-0: Called Strike 1-1: Ball 2-1: Swinging Strike 2-2: Strikes out swinging
|
Pitching: LHP Gustavo Sánchez
|
|
Batting: LHB Nicholas Morgan
|
0-0: Ball 1-0: Ball 2-0: Foul Ball, location: 2F 2-1: Foul Ball, location: 2F 2-2: SINGLE (Line Drive, 8LS)
|
Pinch Runner at 1st Ralph Summers:
|
|
Pinch Hitting: RHB Rob Palmer
|
|
Pitching: LHP Ángelo Gutiérrez
|
0-0: Foul Ball, location: 2F 0-1: Ball 1-1: Ball 2-1: Fielders Choice at 2nd, 5-4 (Groundball, 5)
|
Top of the 8th over - 0 runs, 1 hit, 0 errors, 1 left on base; Barry's Bay 4 - Manhatten 5 |
BOTTOM OF THE 8TH |
Manhatten Meatheads batting - Pitching for Barry's Bay Orioles : RHP Kelly Woodside
|
Now in LF: Ralph Summers
|
|
Now in RF: Hughie Dayment
|
|
Batting: RHB Roberto Rodríguez
|
0-0: Fly out, F9 (Flyball, 9LS)
|
Pitching: LHP Mario García
|
|
Batting: LHB Wayne Rogers
|
0-0: Called Strike 0-1: Swinging Strike 0-2: Ball 1-2: Ball 2-2: Foul Ball, location: 2F 2-2: SINGLE (Groundball, 34D)
|
Pitching: RHP De-wei Hung
|
|
Batting: RHB César Castillo
|
0-0: Ball 1-0: Called Strike 1-1: Ball 2-1: Ball 3-1: 2-RUN HOME RUN (Flyball, 7D), Distance : 367 ft
|
Batting: RHB George Green
|
0-0: SINGLE (Line Drive, 6M)
|
Batting: RHB Rudy Boyd
|
0-0: Called Strike 0-1: Called Strike 0-2: Ball 1-2: Ball 2-2: Ball 3-2: SINGLE (Line Drive, 89S) George Green to second
|
Batting: RHB Manny Velásquez
|
0-0: Called Strike 0-1: Foul Ball, location: 2F 0-2: Foul Ball, location: 2F 0-2: Foul Ball, location: 2F 0-2: Ball 1-2: Ball 2-2: SINGLE (Groundball, 34D) George Green to third Rudy Boyd to second Runner from 3rd tries for Home, SAFE, no throw
|
Pitching: RHP Ethan Adams
|
|
Batting: RHB Vicente Guerra
|
0-0: Ball Rudy Boyd steals 3rd base 1-0: Foul Ball, location: 2F 1-1: Foul Ball, location: 2F 1-2: Ball 2-2: Foul Ball, location: 2F 2-2: Fly out, F7 (Flyball, 7) Runner from 3rd tags up, SCORES, no throw
|
Batting: RHB Juan Blanco
|
0-0: Ball 1-0: Ground out U3 (Groundball, 3)
|
Bottom of the 8th over - 4 runs, 5 hits, 0 errors, 1 left on base; Barry's Bay 4 - Manhatten 9 |
TOP OF THE 9TH |
Barry's Bay Orioles batting - Pitching for Manhatten Meatheads : LHP Ángelo Gutiérrez
|
Batting: LHB Javier Soto
|
0-0: Fly out, F5 (Popup, 5SF)
|
Batting: LHB Pancho Hernández
|
0-0: Swinging Strike 0-1: Ball 1-1: Ball 2-1: Foul Ball, location: 2F 2-2: Ball 3-2: Strikes out swinging
|
Batting: LHB Dave Sanders
|
0-0: Fly out, F9 (Line Drive, 9D)
|
Top of the 9th over - 0 runs, 0 hits, 0 errors, 0 left on base; Barry's Bay 4 - Manhatten 9 |
|